 Dungeon Sprint DCSS version 0.21-a0-401-g0b6bec4 (webtiles) character file.

34 theanonym the Shield-Bearer (level 3, -7/31 HPs)
             Began as a Formicid Fighter on Oct 21, 2017.
             Mangled by an ogre
             ... wielding a +0 giant club
              (25 damage)
             ... in the Dungeon (Sprint IX: "|||||||||||||||||||||||||||||").
             The game lasted 00:00:57 (49 turns).

theanonym the Shield-Bearer (Formicid Fighter)        Turns: 49, Time: 00:00:57

Health: -7/31      AC:  7    Str: 26    XL:     3   Next: 50%
Magic:  3/3        EV:  8    Int:  7    God:
Gold:   0          SH: 10    Dex: 10    Spells: 2/2 levels left

rFire    . . .     SeeInvis +   a - +0 long sword
rCold    . . .     Gourm    .   c - +0 shield
rNeg     . . .     Faith    .   b - +0 scale mail
rPois    .         Spirit   .   (helmet unavailable)
rElec    .         Reflect  .   (no cloak)
rCorr    .         Harm     .   (no gloves)
MR       .....                  (no boots)
Stlth    ..........             (no amulet)
HPRegen  0.10/turn              (no ring)
MPRegen  0.08/turn              (no ring)

@: mighty
A: permanent stasis, dig shafts and tunnels, four strong arms, antennae 3
a: Dig


You were in the Dungeon.
You were not hungry.

You visited 1 branch

Inventory:

Hand Weapons
 a - a +0 long sword (weapon)
Armour
 b - a +0 scale mail (worn)
 c - a +0 shield (worn)
Potions
 e - a potion of curing
 g - a potion of heal wounds
 i - 2 potions of magic
Comestibles
 f - a bread ration
 h - 4 chunks of flesh


   Skills:
 + Level 4.7 Fighting
 + Level 3.6 Long Blades
 + Level 4.7 Armour
 + Level 5.2 Shields


You had 2 spell levels left.
You didn't know any spells.

Dungeon Overview and Level Annotations

Branches:
Dungeon (1/1)

Altars:


Innate Abilities, Weirdness & Mutations

You cannot be hasted, slowed, berserked, paralysed or teleported.
You can dig through walls and to a lower floor.
Your four strong arms can wield two-handed weapons with a shield.
You have a pair of large antennae on your head. (SInv)


Message History

You open the door. 2 jackals, 2 goblins and a dart slug come into view.
The goblin shouts! x2; The jackal barks! x2
You hit the goblin. The goblin hits you with a club.
You take 2 damage, and have 16/18 hp.
You hit the goblin. The goblin hits you but does no damage.
You miss the goblin. You block the goblin's attack.
You slash the goblin!
You kill the goblin!
You closely miss the goblin. The goblin hits you but does no damage.
You hit the goblin.
You kill the goblin!
Your Shields skill increases to level 4!
The jackal bites you but does no damage.
You slash the jackal!
You kill the jackal!
The jackal barely misses you.
You riposte.
You hit the jackal.
You kill the jackal!
There is an open door to the Dungeon, spattered with blood here.
Items here: )) ††† a club x2; a jackal corpse x2; a goblin corpse You hit the dart slug.
The dart slug bites you but does no damage.
You hit the dart slug but do no damage.
The dart slug bites you but does no damage.
You hit the dart slug. You block the dart slug's attack.
You completely miss the dart slug. You block the dart slug's attack.
You slash the dart slug!
You kill the dart slug!
Your Fighting skill increases to level 4!
You have reached level 2!
You regained 6 hp, and now have 24/25 hp.
MP restored: 2
There is an open door to the Dungeon, spattered with blood here.
Items here: )) ††† a club x2; a jackal corpse x2; a goblin corpse You butcher the jackal corpse.
h - 2 chunks of flesh
There is an open door to the Dungeon, spattered with blood here.
Items here: )) †† a club x2; a jackal corpse; a goblin corpse
There is an open door to the Dungeon, spattered with blood here.
Items here: )) †† a club x2; a jackal corpse; a goblin corpse You butcher the jackal corpse.
h - 4 chunks of flesh (gained 2)
There is an open door to the Dungeon, spattered with blood here.
Items here: )) ÷ † a club x2; a jackal skeleton; a goblin corpse Health restored: 25
Okay, then.
Unknown command.
You open the door. 2 leopard geckos, a worker ant and 2 ogres come into view.
The worker ant twitches its antennae in your direction.
The leopard gecko hisses angrily.
The ogre shouts! x2
The leopard gecko hisses angrily.
The worker ant closely misses you.
You hit the worker ant but do no damage.
The worker ant barely misses you.
You hit the worker ant. The worker ant bites you.
You block the worker ant's attack.
You take 3 damage, and have 22/25 hp.
You slash the worker ant! The worker ant bites you.
You take 2 damage, and have 20/25 hp.
You hit the worker ant.
You kill the worker ant!
Your Long Blades skill increases to level 3!
Your Armour skill increases to level 4!
Your Shields skill increases to level 5!
You have reached level 3!
Your experience leads to an increase in your attributes!
Increase (S)trength, (I)ntelligence, or (D)exterity?
You feel stronger. The leopard gecko bites you.
You regained 2 hp, and now have 22/31 hp.
MP restored: 3 You miss the leopard gecko.
The leopard gecko bites you.
You miss the leopard gecko. You block the leopard gecko's attack.
The leopard gecko barely misses you.
You barely miss the leopard gecko. The leopard gecko bites you.
You take 4 damage, and have 18/31 hp.
You are too injured to fight recklessly!
You are too injured to fight recklessly!
You miss the leopard gecko. The leopard gecko bites you.
You block the leopard gecko's attack.
You take 1 damage, and have 17/31 hp.
You hit the leopard gecko. The leopard gecko closely misses you.
You block the leopard gecko's attack.
You closely miss the leopard gecko. The leopard gecko barely misses you.
You riposte.
You hit the leopard gecko but do no damage.
You hit the leopard gecko.
You kill the leopard gecko!
You slash the ogre! The ogre closely misses you.
You feel very mighty all of a sudden. You block the ogre's attack.
You slash the ogre! The ogre hits you with a giant club!!
Ouch! That really hurt!
You die... ▓▓▓▓▓▓▓▓▓▓▓▓▓▓▓▓▓▓ ▓<..?)....@OOl...+ ▓▓▓▓▓▓▓▓▓▓▓▓▓▓▓▓▓▓

You could see 2 ogres and a leopard gecko.

Vanquished Creatures
  A worker ant (D)
  A dart slug (D)
  A leopard gecko (D)
  2 goblins (D)
  2 jackals (D)
7 creatures vanquished.

Vanquished Creatures (others)
  A spatial maelstrom (D)
1 creature vanquished.

Grand Total: 8 creatures vanquished

Notes
Turn   | Place    | Note
-------+----------+-------------------------------------------
     0 | D        | theanonym the Formicid Fighter began the quest for the Orb.
     0 | D        | Reached XP level 1. HP: 18/18 MP: 1/1
     6 | D        | Banished a spatial maelstrom
    12 | D        | Reached skill level 4 in Shields
    19 | D        | Reached skill level 4 in Fighting
    19 | D        | Reached XP level 2. HP: 24/25 MP: 2/2
    35 | D        | Noticed an ogre
    35 | D        | Noticed an ogre
    39 | D        | Reached skill level 3 in Long Blades
    39 | D        | Reached skill level 4 in Armour
    39 | D        | Reached skill level 5 in Shields
    39 | D        | Reached XP level 3. HP: 25/31 MP: 3/3
    49 | D        | Mangled by an ogre

Vault maps used:
D:        linesprint

Skill      XL: |  1  2 |
---------------+-------+-----
Shields        | 4 5 |  5.2
Fighting       | 4 |  4.7
Long Blades    | 3 |  3.6
Armour         | 4 |  4.7

Action                   || total
-------------------------++-------
Melee: Long sword        ||    25
  Use: Potion            ||     1
Armor: Scale mail        ||     4
Dodge: Dodged            ||     7
Block: Shield            ||     8
       Rpst.: Long sword ||     2

Table legend:
 A = Spawn XP
 B = Non-spawn XP
 C = Spawn XP percentage of total XP
 D = Spawn monster count
 E = Non-spawn monster count
 F = Spawn count percentage of total count
 G = Total turns spent on level
                    A         B        C        D         E        F      G
               +---------+---------+-------+---------+---------+-------+---------
         Total |       0 |      49 |   0.0 |       0 |       7 |   0.0 |    49
               +---------+---------+-------+---------+---------+-------+---------
             D |       0 |      49 |   0.0 |       0 |       7 |   0.0 |    49
               +---------+---------+-------+---------+---------+-------+---------
